Map: [ESL] NeoHumanity

Players

RiSky

  • Race: Zerg Zerg
  • League: Master
  • Spawn Location: 5:00

gumiho - Winner!

  • Race: Terran Terran
  • Spawn Location: 11:00

Event: HomeStory Cup XXIII

VOD

Have the link to the VOD?

Description

Time

  • Played on: July 1, 2023, 6:23 a.m.
  • Length: 6:57

All games in this series

Show
View Real Time Build Order
Export as new Build Order

RiSky Zerg 

Build Orders: Pool First 

Get SALT Encoding   

  12  0:00  Drone  
  13  0:12  Overlord  
  13  0:16  Drone  
  14  0:30  Drone x2  
  14  0:35  Drone  
  17  0:44  Spawning Pool  
  17  0:47  Drone  
  17  1:07  Hatchery  
  17  1:09  Drone  
  17  1:12  Drone  
  18  1:29  Drone  
  18  1:30  Zergling x2  
  18  1:31  Queen  
  22  1:38  Overlord  
  22  1:42  Extractor  
  21  1:50  Drone  
  22  2:00  Drone  
  23  2:09  Queen  
  23  2:13  Drone  
  26  2:18  Drone  
  26  2:22  Drone  
  28  2:27  Queen  
  31  2:30  Drone  
  31  2:32  Drone  
  32  2:41  Zergling x4  
  33  2:49  Overlord  
  33  2:50  Drone  
  34  2:56  Drone  
  34  2:57  Drone  
  36  3:00  Overlord  
  36  3:12  Queen  
  33  3:14  Drone  
  33  3:16  Drone  
  33  3:18  Drone  
  33  3:19  Drone x2  
  40  3:20  Drone  
  40  3:25  Drone  
  40  3:26  Drone  
  43  3:35  Drone  
  43  3:37  Lair  
  43  3:38  Overlord  
  43  3:40  Drone  
  45  3:44  Drone  
  46  3:49  Drone  
  46  3:52  Drone  
  46  3:56  Drone  
  46  3:58  Queen  
  46  3:59  Drone  
  46  4:01  Extractor  
  46  4:02  Extractor  
  48  4:03  Drone, Roach Warren  
  48  4:04  Extractor  
  48  4:07  Drone  
  48  4:09  Drone  
  49  4:11  Drone  
  49  4:14  Drone  
  49  4:15  Drone  
  52  4:18  Hatchery, Drone  
  52  4:24  Drone  
  53  4:29  Overlord  
  53  4:34  Overlord  
  53  4:35  Overlord  
  53  4:39  Overlord  
  53  4:41  Overlord  
  53  4:46  Evolution Chamber, Glial Reconstitution  
  53  4:47  Roach x3  
  53  4:48  Evolution Chamber  
  57  4:53  Roach x2  
  61  5:00  Roach x2  
  65  5:08  Roach x2  
  65  5:10  Roach x3  
  65  5:12  Roach  
  77  5:27  Roach x2  
  70  5:30  Roach x2  
  70  5:32  Queen x2  
  68  5:37  Roach  
  68  5:42  Roach x2  
  58  5:51  Roach  
  58  5:52  Overlord  
  58  5:53  Drone  
  58  5:54  Drone  
  60  6:02  Drone  
  60  6:03  Drone  
  62  6:05  Drone x2  
  64  6:12  Drone  
  64  6:15  Drone  
  64  6:16  Drone  
  64  6:17  Drone x2  
  69  6:25  Drone  
  70  6:28  Roach x2  
  74  6:35  Roach  
  74  6:37  Roach  
  74  6:38  Roach  
Show
View Real Time Build Order
Export as new Build Order

gumiho Terran - Winner!

Build Orders:  

Get SALT Encoding   

  12  0:00  SCV  
  13  0:12  SCV  
  14  0:17  Supply Depot  
  14  0:24  SCV  
  15  0:39  SCV  
  15  0:40  Barracks  
  16  0:44  Refinery  
  16  0:51  SCV  
  17  0:59  Barracks  
  17  1:03  SCV  
  18  1:15  SCV  
  19  1:27  Orbital Command, Reaper  
  20  1:35  Supply Depot  
  20  1:46  Reaper  
  21  1:52  SCV  
  22  2:04  Reaper  
  22  2:05  SCV  
  24  2:10  Command Center  
  24  2:17  SCV, Refinery  
  25  2:26  Barracks  
  25  2:29  SCV  
  26  2:36  Barracks Reactor  
  26  2:40  Barracks Tech Lab  
  26  2:41  SCV  
  27  2:53  SCV  
  28  2:59  Marine  
  28  3:00  Stimpack  
  28  3:05  SCV  
  30  3:17  Barracks Reactor  
  31  3:20  SCV  
  31  3:22  Orbital Command  
  31  3:24  Marine x2  
  31  3:25  Marine  
  34  3:32  SCV  
  34  3:33  Factory  
  35  3:37  Supply Depot  
  35  3:42  Marine x3  
  38  3:50  SCV  
  38  3:54  SCV  
  39  3:57  Marine x2  
  39  4:02  SCV, Supply Depot  
  42  4:03  Marine x3  
  42  4:07  SCV  
  46  4:14  SCV, Marine x2  
  49  4:18  Starport  
  49  4:19  Factory Reactor  
  49  4:21  Marine x2, SCV  
  52  4:26  Supply Depot  
  52  4:28  Marine  
  53  4:32  Marine x2  
  53  4:33  SCV  
  53  4:34  SCV  
  53  4:36  Engineering Bay  
  57  4:41  Combat Shield  
  57  4:46  SCV x2  
  57  4:48  Marine x3  
  57  4:50  Marine x2  
  64  4:53  Supply Depot  
  64  4:59  SCV x2  
  66  5:03  Medivac x2  
  66  5:06  Factory Tech Lab  
  70  5:10  Refinery  
  70  5:14  Marine x4  
  70  5:15  SCV x2  
  73  5:31  Marine  
  73  5:32  Marine x2  
  73  5:33  SCV x2  
  74  5:35  Medivac  
  74  5:42  Marine x2  
  73  5:49  Marine  
  72  5:50  Marine x2  
  72  5:53  SCV x2  
  72  5:56  Supply Depot x2  
  72  5:58  Siege Tank  
  72  5:59  Marine x2  
  77  6:07  Marine  
  77  6:10  Command Center  
  78  6:13  Marine  
  78  6:17  Marine x2  
  80  6:22  Marine  
  80  6:25  Marine  
  82  6:26  SCV x2  
  82  6:30  Supply Depot  
  82  6:31  Marine, Supply Depot  
  88  6:37  Marine x2  
  94  6:46  Barracks  
  94  6:47  Barracks  
Tags
 
Add a new tag
Caveats
  • Supply blocks, unpowered buildings, or Contaminate may cause inaccurate times.
  • Supply counts are checked every 10 seconds.